 Dungeon Sprint DCSS version 0.28.0-53-g5a82cb258f (webtiles) character file.

Game seed: 11626024188431752424

1002 Zeld the Eclecticist (level 8, -8/41 HPs)
             Began as a Deep Elf Conjurer on May 24, 2022.
             Was a Believer of Sif Muna.
             Mangled by Erica
             ... wielding a +3 scimitar of flaming
              (17 damage)
             ... in the Dungeon (Sprint III: "The Ten Rune Challenge").
             The game lasted 00:02:45 (1469 turns).

Zeld the Eclecticist (Deep Elf Conjurer)            Turns: 1469, Time: 00:02:45

Health: -8/41      AC:  5    Str:  4    XL:     8   Next: 0%
Magic:  26/30      EV: 12    Int: 26    God:    Sif Muna [**....]
Gold:   42         SH:  0    Dex: 13    Spells: 25/39 levels left

rFire   . . .      SeeInvis .   (no weapon)
rCold   . . .      Faith    .   (no shield)
rNeg    . . .      Spirit   .   a - +0 robe
rPois   .          Reflect  .   (no helmet)
rElec   .          Harm     .   i - +2 cloak {Stlth+}
rCorr   .          Rampage  .   (no gloves)
Will    .....      NoTele   +   (no boots)
Stlth   +++.......              (no amulet)
HPRegen 0.13/turn               (no ring)
MPRegen 0.22/turn               (no ring)

@: lethally poisoned (-8 -> -13)
A: no striking features
a: Renounce Religion, Channel Magic


You were in the Dungeon.
You worshipped Sif Muna.
Sif Muna was pleased with you.
You visited 1 branch You collected 42 gold pieces.

Inventory:

Hand Weapons
 h - a +2 quarterstaff of chaos
Armour
 a - a +0 robe (worn)
 i - a +2 cloak of stealth (worn)
Wands
 k - a wand of polymorph (9)
Scrolls
 g - a scroll of blinking
Potions
 b - 2 potions of curing
 d - a potion of haste
 e - 2 potions of magic
 f - a potion of berserk rage
 j - 4 potions of mutation
 m - a potion of flight
 n - a potion of brilliance {unknown}
 o - a potion of ambrosia {unknown}


   Skills:
 + Level 0.0 Fighting
 - Level 2.4 Dodging
 - Level 2.4 Stealth
 - Level 16.0 Spellcasting
 * Level 14.1 Conjurations
 + Level 0.0 Hexes
 + Level 0.0 Translocations
 * Level 0.0 Invocations
 * Level 0.0 Evocations


You had 25 spell levels left.
You knew the following spells:

 Your Spells              Type           Power      Damage    Failure   Level
a - Magic Dart            Conj           100%       1d8       0%          1
b - Searing Ray           Conj           100%       2d8       0%          2
c - Dazzling Flash        Conj/Hex       100%       N/A       1%          3
d - Fulminant Prism       Conj/Hex       27%        3d14      1%          4
e - Iskenderun's Mystic   Conj/Tloc      55%        2d12      1%          4

Your spell library contained the following spells:

 Spells                   Type           Power      Damage    Failure   Level
 Portal Projectile        Hex/Tloc       40%        N/A       8%          3
 Blade Hands              Tmut           10%        N/A       56%         5
 Excruciating Wounds      Necr           10%        N/A       56%         5


Dungeon Overview and Level Annotations

Branches:
Dungeon (1/1)

Altars:
Cheibriados
Dithmenos
Elyvilon
Fedhas
Gozag
Hepliaklqana
Kikubaaqudgha
Makhleb
Nemelex Xobeh
Okawaru
Qazlal
Ru
Sif Muna
Trog
Uskayaw
Vehumet
Wu Jian
Xom
Yredelemnul
Zin
The Shining One
Beogh
Jiyva
Lugonu

Annotations:
D Erica


Message History

There is a blossoming altar of Fedhas here.
There is an open door here.
You start waiting.
You start waiting.
You open the door.
There is an open door here.
Erica the Fiery-Tempered comes into view.
She is wielding a +3 scimitar of flaming, wearing a +0 robe of willpower and carrying a wand of iceblast (5).
Erica shouts!
There is an open door here.
Casting: Searing Ray (safe; 0% risk of failure)
Confirm with . or Enter, or press ? or * to list all spells.
Aiming: Searing Ray (safe; 0% risk of failure)
Press: ? - help, Shift-Dir - straight line, f - Erica
Aim: Erica, wielding a +3 scimitar of flaming, wearing a +0 robe of willpower and carrying a wand of iceblast (5) (81% to hit)
The searing ray misses Erica. (Press . to maintain the ray.) Erica casts a spell at you.
The bolt of poison hits you!!
You are poisoned.
Ouch! That really hurt!
The searing ray hits Erica!
Erica is lightly wounded.
You feel very sick.
Erica zaps a wand.
The mass of ice explodes!
The iceblast engulfs you!
* * * LOW HITPOINT WARNING * * *
You feel much better.
You feel sick.
Casting: Searing Ray (safe; 0% risk of failure)
Confirm with . or Enter, or press ? or * to list all spells.
Aiming: Searing Ray (safe; 0% risk of failure)
Press: ? - help, Shift-Dir - straight line, f/p - Erica
Aim: Erica, wielding a +3 scimitar of flaming, wearing a +0 robe of willpower and carrying a wand of iceblast (4) (lightly wounded, 81% to hit)
The searing ray hits Erica!
Erica is moderately wounded. (Press . to maintain the ray.)
You feel sick.
Erica zaps a wand.
The mass of ice explodes!
The iceblast engulfs you!
* * * LOW HITPOINT WARNING * * *
You feel sick.
Erica hits you with a +3 scimitar of flaming!
You die...

#..#..#...#__ #._#
#..#..###'#+###'##
##?#..#..........#
###...'.⌠........#
###...#...######'#
##....#.⌠.#__#...#+#####
#.....#...#__#...#..≈≈≈+
.÷....#)###__#...#.#§≈≈#
#.....#...#__#..@@.#@.§#
##....#___#__'...#.#§§§#
▓▓▓▓▓▓▓▓▓▓▓▓▓▓▓▓▓▓▓▓▓▓▓


You could see Erica.

Vanquished Creatures
  A deep elf pyromancer (D)
  A shadow (D)
  A spatial vortex (D)
  A necrophage (D)
  A water elemental (D)
  A jelly (D)
  Crazy Yiuf (D)
  Jessica (D)
  A wizard (D)
  A necromancer (D)
  A human (D)
  A kobold demonologist (D)
  2 endoplasms (D)
  A rat (D)
15 creatures vanquished.

Notes
Turn   | Place    | Note
-------+----------+-------------------------------------------
     0 | D        | Zeld the Deep Elf Conjurer began the quest for the Orb.
     0 | D        | Reached XP level 1. HP: 10/10 MP: 6/6
    81 | D        | Reached skill level 4 in Spellcasting
   198 | D        | Noticed Jessica
   200 | D        | Killed Jessica
   201 | D        | Reached skill level 6 in Spellcasting
   201 | D        | Reached XP level 2. HP: 15/15 MP: 6/11
   201 | D        | Reached XP level 3. HP: 19/19 MP: 6/12
   204 | D        | Learned a level 2 spell: Searing Ray
   271 | D        | Learned a level 3 spell: Dazzling Flash
   316 | D        | Reached skill level 7 in Spellcasting
   410 | D        | Noticed Crazy Yiuf
   415 | D        | Killed Crazy Yiuf
   416 | D        | Reached skill level 8 in Spellcasting
   416 | D        | Reached XP level 4. HP: 23/24 MP: 6/16
   502 | D        | Learned a level 4 spell: Fulminant Prism
   507 | D        | Learned a level 4 spell: Iskenderun's Mystic Blast
   509 | D        | Noticed a water elemental
   513 | D        | Killed a water elemental
   514 | D        | Reached skill level 9 in Spellcasting
   637 | D        | Found a radiant altar of Vehumet.
   637 | D        | Found a shimmering blue altar of Sif Muna.
   637 | D        | Found an ancient bone altar of Kikubaaqudgha.
   637 | D        | Noticed a wizard
   642 | D        | Killed a wizard
   643 | D        | Reached skill level 10 in Spellcasting
   643 | D        | Reached XP level 5. HP: 24/28 MP: 13/19
   654 | D        | Became a worshipper of Sif Muna the Loreminder
   720 | D        | Found a glowing silver altar of Zin.
   720 | D        | Found a glowing golden altar of the Shining One.
   720 | D        | Found a white marble altar of Elyvilon.
   721 | D        | Noticed a deep elf pyromancer
   727 | D        | Killed a deep elf pyromancer
   728 | D        | Reached skill level 14 in Spellcasting
   728 | D        | Reached XP level 6. HP: 3/32 MP: 8/25
   728 | D        | Reached XP level 7. HP: 4/36 MP: 8/26
   995 | D        | Found a hide-covered altar of Uskayaw.
   995 | D        | Found an iron altar of Okawaru.
   995 | D        | Found a bloodstained altar of Trog.
   995 | D        | Found an ornate altar of the Wu Jian Council.
   995 | D        | Noticed a human
  1001 | D        | Found a basalt altar of Yredelemnul.
  1001 | D        | Found a shadowy altar of Dithmenos.
  1001 | D        | Found a sacrificial altar of Ru.
  1010 | D        | Reached * piety under Sif Muna
  1098 | D        | Noticed a shadow
  1106 | D        | Killed a shadow
  1107 | D        | Reached skill level 15 in Spellcasting
  1267 | D        | Found a blossoming altar of Fedhas.
  1267 | D        | Found a stormy altar of Qazlal.
  1268 | D        | Found a snail-covered altar of Cheibriados.
  1268 | D        | Found a burning altar of Makhleb.
  1268 | D        | Found a shimmering altar of Xom.
  1269 | D        | Found a hazy altar of Hepliaklqana.
  1269 | D        | Found an opulent altar of Gozag.
  1269 | D        | Found a sparkling altar of Nemelex Xobeh.
  1269 | D        | Found a corrupted altar of Lugonu.
  1269 | D        | Found a viscous altar of Jiyva.
  1269 | D        | Noticed a spatial vortex
  1285 | D        | Killed a spatial vortex
  1285 | D        | Reached ** piety under Sif Muna
  1286 | D        | Reached skill level 16 in Spellcasting
  1286 | D        | Reached XP level 8. HP: 41/41 MP: 11/30
  1460 | D        | Noticed Erica
  1469 | D        | Mangled by Erica

Illustrated notes

Levels and vault maps discovered:
D:        dungeon_sprint_mu [sprint_mu_entry_cave, sprint_mu_temple_rooms,
          sprint_mu_d1_horrors, sprint_mu_d2_genie, sprint_mu_d3_branching,
          sprint_mu_orc_legion, sprint_mu_elf_gauntlet, sprint_mu_hive_nellie,
          sprint_mu_lair_fedhas, sprint_mu_vaults_butterflies,
          sprint_mu_slime_circle, sprint_mu_swamp_cave, sprint_mu_shoals_archi,
          sprint_mu_blade_basic, sprint_mu_crypt_fortress,
          sprint_mu_tomb_spiral, sprint_mu_vestibule_basic,
          sprint_mu_gehenna_hellfire, sprint_mu_dis_giant,
          sprint_mu_tartarus_statrot, sprint_mu_cocytus_islands, sprint_mu_zot1]

Skill      XL: |  1  2  3  4  5  6  7 |
---------------+----------------------+-----
Spellcasting   | 6 8 10 14 16 | 16.0
Conjurations   | 6 7 9 12 14 | 14.1
Dodging        | |  2.4
Stealth        | |  2.4

Action                   |  1- 3 |  4- 6 |  7- 9 || total
-------------------------+-------+-------+-------++-------
Melee: Unarmed           |     1 |       |       ||     1
 Cast: Magic Dart        |     7 |       |       ||     7
       Searing Ray       |     5 |     4 |    10 ||    19
       Iskenderun's Myst |       |     4 |     5 ||     9
  Use: Scroll            |       |     3 |       ||     3
       Potion            |       |       |     1 ||     1
 Stab: Sleeping          |     1 |       |       ||     1
Armor: Robe              |       |       |     1 ||     1
Dodge: Dodged            |     7 |     3 |     3 ||    13
